 Dungeon Crawl Stone Soup version 0.28.0-53-g5a82cb258f (webtiles) character file.

Game seed: 117354171973053452

75 Gabide the Grasshopper (level 4, -1/33 HPs)
             Began as a Human Warper on June 12, 2022.
             Slain by a hound (2 damage)
             ... on level 3 of the Dungeon.
             The game lasted 00:04:05 (2698 turns).

Gabide the Grasshopper (Human Warper)               Turns: 2698, Time: 00:04:05

Health: -1/33      AC:  4    Str: 10 (11) XL:     4   Next: 55%
Magic:  7/7        EV: 11    Int: 13 (16) God:
Gold:   50         SH:  0    Dex: 10 (12) Spells: 7/7 levels left

rFire   . . .      SeeInvis .   g - +1 falchion (elec)
rCold   . . .      Faith    .   (no shield)
rNeg    + . .      Spirit   .   b - +0 leather armour
rPois   .          Reflect  .   q - +0 helmet
rElec   .          Harm     .   (no cloak)
rCorr   .          Rampage  .   (no gloves)
Will    .....                   (no boots)
Stlth   +.........              (no amulet)
HPRegen 0.11/turn               j - ring of positive energy
MPRegen 0.10/turn               (no ring)

@: lethally poisoned (-1 -> -5)
A: no striking features
a: no special abilities


You were on level 3 of the Dungeon.
You visited 1 branch of the dungeon, and saw 3 of its levels.

You collected 51 gold pieces.
You donated 1 gold pieces to Zin.

Inventory:

Hand Weapons
 a - a +0 short sword
 g - a +1 falchion of electrocution (weapon)
Missiles
 d - 4 boomerangs of dispersal (quivered)
Armour
 b - a +0 leather armour (worn)
 q - a +0 helmet (worn)
Jewellery
 j - a ring of positive energy (left hand)
Scrolls
 c - a scroll of blinking
 e - a scroll of fog {unknown}
 f - a scroll of identify {unknown}
 i - a scroll of vulnerability {unknown}
 l - a scroll of torment
 m - a scroll of teleportation
 n - a scroll of amnesia {unknown}
 r - a scroll of holy word {unknown}
Potions
 k - a potion of brilliance {unknown}
 o - a potion of attraction {unknown}
 p - a potion of cancellation {unknown}


   Skills:
 - Level 2.0 Fighting
 - Level 2.0(2.6) Short Blades
 + Level 2.6(3.0) Long Blades
 - Level 1.8 Throwing
 - Level 1.0 Armour
 - Level 2.0 Dodging
 - Level 2.2 Spellcasting
 - Level 3.4 Translocations


You had 7 spell levels left.
You didn't know any spells.
Your spell library contained the following spells:

 Spells                   Type           Power      Damage    Failure   Level
 Blink                    Tloc           20%        N/A       13%         2
 Gell's Gravitas          Tloc           10%        N/A       26%         3
 Lesser Beckoning         Tloc           10%        N/A       26%         3
 Teleport Other           Tloc           10%        N/A       26%         3
 Manifold Assault         Tloc           10%        N/A       93%         5


Dungeon Overview and Level Annotations

Branches:
Dungeon (3/15)

Altars:
Zin


Message History

You feel sick. The hound bites you but does no damage.
The adder closely misses you. The hound bites you.
You barely miss the hound.
The hound is heavily wounded.
You feel sick. The adder bites you. The hound closely misses you.
The adder barely misses you. The hound barely misses you.
You are too injured to fight recklessly!
You are too injured to fight recklessly!
You are too injured to fight recklessly!
You are too injured to fight recklessly!
You are too injured to fight recklessly!
You are too injured to fight recklessly!
There are monsters nearby!
You closely miss the hound.
The hound is heavily wounded.
You feel sick. The hound bites you. The adder barely misses you.
The hound bites you.
* * * LOW HITPOINT WARNING * * *
The adder bites you.
* * * LOW HITPOINT WARNING * * *
It was a potion of degeneration.
There was something very wrong with that liquid.
You feel weakened.
You feel dopey.
You feel clumsy.
You feel sick. The hound bites you.
* * * LOW HITPOINT WARNING * * *
The adder bites you.
* * * LOW HITPOINT WARNING * * *
You are lethally poisoned!
The adder poisons you!
You don't know any spells.
Throw: 5 boomerangs (disperse)
Press: ? - help, Q - select action Shift-Dir - straight line, f - adder
Aim: an adder (35% to hit)
You throw a boomerang of dispersal.
The boomerang of dispersal hits the adder.
The adder blinks!
The adder is lightly wounded.
* * * LOW HITPOINT WARNING * * *
You feel sick. The hound bites you.
You die...

#≈≈#...#.#....# #.## #....#.≈≈≈≈
#≈≈#.⌠.#.#....###..####....#.≈...
#≈≈#...#......##...........#.≈.♣♣
≈..≈###.......##.........##..≈.
..............##......... #..≈.
...#...##................ #..≈.
...#...##................ +...
...#...##................
...#...##.......@##..#...
...######......§h# ...#.. ....
#...S....# #.# .... #..........
... #......#.#. ... .....##.# ..
.#.#. ### #.##


You could see a hound and an adder.

Vanquished Creatures
  2 adders (D:2)
  A worm (D:3)
  A dart slug (D:1)
  4 bats
  8 endoplasms
  3 giant cockroaches
  4 goblins
  6 hobgoblins
  3 kobolds
  5 quokkas
  3 ball pythons
  3 frilled lizards
  3 rats
46 creatures vanquished.

Notes
Turn   | Place    | Note
-------+----------+-------------------------------------------
     0 | D:1      | Gabide the Human Warper began the quest for the Orb.
     0 | D:1      | Reached XP level 1. HP: 16/16 MP: 3/3
   116 | D:1      | Reached XP level 2. HP: 9/22 MP: 5/5
   631 | D:1      | Found a faded altar of an unknown god.
   649 | D:1      | Reached XP level 3. HP: 22/27 MP: 6/6
  1104 | D:1      | Reached skill level 1 in Long Blades
  1301 | D:1      | Prayed at the altar of an unknown god.
  1301 | D:1      | Became a worshipper of Zin the Law-Giver
  1301 | D:1      | Reached * piety under Zin
  1302 | D:1      | Fell from the grace of Zin
  1672 | D:2      | Reached XP level 4. HP: 20/33 MP: 7/7
  2698 | D:3      | HP: 1/33 [poisoned by an adder]
  2698 | D:3      | Slain by a hound

Illustrated notes

Levels and vault maps discovered:
D:1:      heliophobic_arrival_ceremonial_halls, layout_basic,
          ebering_ecumenical_altar_box, minmay_misc_feat_enclosed
D:2:      layout_loops_cross
D:3:      layout_basic, mainiacjoe_overflow_brackets, old_standard_altar,
          fountainhead, minmay_between, uniq_grinder

Skill      XL: |  1  2  3 |
---------------+----------+-----
Long Blades    | 2 |  2.6
Fighting       | |  2.0
Short Blades   | |  2.0
Throwing       | |  1.8
Armour         | |  1.0
Dodging        | |  2.0
Spellcasting   | |  2.2
Translocations | |  3.4

Action                   |  1- 3 |  4- 6 || total
-------------------------+-------+-------++-------
Melee: Short sword       |    63 |       ||    63
       Punch             |     1 |       ||     1
       Falchion          |    35 |    43 ||    78
Throw: Boomerang         |       |     1 ||     1
Invok: Renounce Religion |     1 |       ||     1
  Use: Scroll            |       |     2 ||     2
       Potion            |       |     1 ||     1
 Stab: Sleeping          |       |     1 ||     1
Armor: Leather armour    |    21 |    16 ||    37
Dodge: Dodged            |    48 |    28 ||    76
